TOP OF THE 1ST |
Boston (APP) Red Sox batting - Pitching for Elizabethton Twins : RHP Kanenori Ikeda Jr.
|
Pitching: RHP Kanenori Ikeda Jr.
|
|
Batting: RHB Estevan Carrillo
|
0-0: Ball 1-0: Ball 2-0: Foul Ball, location: 2F 2-1: Ball 3-1: Called Strike 3-2: Foul Ball, location: 2F 3-2: Foul Ball, location: 2F 3-2: Ground out U3 (Groundball, 34, EV 92.5 MPH)
|
Batting: RHB Bob Reichley
|
0-0: Ground out 6-3 (Groundball, 56, EV 83.1 MPH)
|
Batting: RHB Kirk Cully
|
0-0: Called Strike 0-1: Foul Ball, location: 2F 0-2: Ball 1-2: Ball 2-2: Strikes out swinging
|
Top of the 1st over - 0 runs, 0 hits, 0 errors, 0 left on base; Boston (APP) 0 - Elizabethton 0 |
BOTTOM OF THE 1ST |
Elizabethton Twins batting - Pitching for Boston (APP) Red Sox : RHP Matt Collins
|
Pitching: RHP Matt Collins
|
|
Batting: RHB Sergio Gomez
|
0-0: Ball 1-0: SINGLE (Line Drive, 78S, EV 99.4 MPH)
|
Batting: RHB David McDonald
|
0-0: Ball 1-0: Called Strike 1-1: Fielders Choice at 2nd, 6-4 (Groundball, 6, EV 88.8 MPH)
|
Batting: RHB Ryan Starks
|
0-0: Ball 1-0: Foul Ball, location: 2F 1-1: Fly out, F9 (Flyball, 89D, EV 98.8 MPH)
|
Batting: LHB Bill Lorimer
|
0-0: Ball 1-0: Called Strike 1-1: Ball 2-1: Swinging Strike 2-2: Ball 3-2: Foul Ball, location: 2F 3-2: Base on Balls David McDonald to second
|
Batting: RHB Ned Scovell
|
0-0: Fielders Choice at 2nd, 6-4 (Groundball, 6, EV 88.8 MPH)
|
Bottom of the 1st over - 0 runs, 1 hit, 0 errors, 2 left on base; Boston (APP) 0 - Elizabethton 0 |
TOP OF THE 2ND |
Boston (APP) Red Sox batting - Pitching for Elizabethton Twins : RHP Kanenori Ikeda Jr.
|
Batting: SHB Arihito Hiramoto
|
0-0: Ball 1-0: Foul Ball, location: 2F 1-1: Ball 2-1: Ball 3-1: Swinging Strike 3-2: Base on Balls
|
Batting: RHB Chris Zubia
|
0-0: Grounds into double play, 6-4-3 (Groundball, 56, EV 98.1 MPH)
|
Batting: RHB Mo Tsang
|
0-0: Called Strike 0-1: Foul Ball, location: 2F 0-2: Foul Ball, location: 2F 0-2: Ball 1-2: Foul Ball, location: 2F 1-2: Foul Ball, location: 2F 1-2: Ball 2-2: SINGLE (Groundball, 6MD, EV 95.6 MPH)
|
Batting: RHB Luis Nino
|
0-0: Fly out, F7 (Flyball, 78D, EV 103.8 MPH)
|
Top of the 2nd over - 0 runs, 1 hit, 0 errors, 1 left on base; Boston (APP) 0 - Elizabethton 0 |
BOTTOM OF THE 2ND |
Elizabethton Twins batting - Pitching for Boston (APP) Red Sox : RHP Matt Collins
|
Batting: RHB Calvin Day
|
0-0: Ball 1-0: Foul Ball, location: 2F 1-1: Ball 2-1: Foul Ball, location: 2F 2-2: Ball 3-2: Ground out 5-3 (Groundball, 56S, EV 88.1 MPH)
|
Batting: LHB Joey Zamora
|
0-0: Called Strike 0-1: Called Strike 0-2: Ball 1-2: Strikes out swinging
|
Batting: RHB Hisao Takei
|
0-0: Foul Ball, location: 2F 0-1: Foul Ball, location: 2F 0-2: Ball 1-2: Strikes out swinging
|
Bottom of the 2nd over - 0 runs, 0 hits, 0 errors, 0 left on base; Boston (APP) 0 - Elizabethton 0 |
TOP OF THE 3RD |
Boston (APP) Red Sox batting - Pitching for Elizabethton Twins : RHP Kanenori Ikeda Jr.
|
Batting: LHB Kenny Jackson
|
0-0: Called Strike 0-1: Called Strike 0-2: Ball 1-2: Fly out, F7 (Flyball, 7D, EV 97.5 MPH)
|
Batting: RHB Panam Palmer
|
0-0: Called Strike 0-1: Called Strike 0-2: Strikes out swinging
|
Batting: RHB Estevan Carrillo
|
0-0: Foul Ball, location: 2F 0-1: Called Strike 0-2: Ball 1-2: Foul Ball, location: 2F 1-2: Strikes out swinging
|
Top of the 3rd over - 0 runs, 0 hits, 0 errors, 0 left on base; Boston (APP) 0 - Elizabethton 0 |
BOTTOM OF THE 3RD |
Elizabethton Twins batting - Pitching for Boston (APP) Red Sox : RHP Matt Collins
|
Batting: RHB Braydon Garland
|
0-0: Ball 1-0: Ball 2-0: Foul Ball, location: 2F 2-1: Swinging Strike 2-2: Strikes out looking
|
Batting: RHB Sergio Gomez
|
0-0: Called Strike 0-1: Foul Ball, location: 2F 0-2: Foul Ball, location: 2F 0-2: Strikes out swinging
|
Batting: RHB David McDonald
|
0-0: Ball 1-0: Ball 2-0: Called Strike 2-1: Foul Ball, location: 2F 2-2: SINGLE (Groundball, 6MD, EV 96.9 MPH)
|
Batting: RHB Ryan Starks
|
0-0: Called Strike 0-1: Ball 1-1: Ball 2-1: Ball 3-1: Base on Balls David McDonald to second
|
Batting: LHB Bill Lorimer
|
0-0: Foul Ball, location: 2F 0-1: Ball 1-1: 3-RUN HOME RUN (Flyball, 7D, EV 96.9 MPH), Distance : 372 ft
|
Batting: RHB Ned Scovell
|
0-0: Ball 1-0: Ball 2-0: Called Strike 2-1: Foul Ball, location: 2F 2-2: Ball 3-2: Base on Balls
|
Batting: RHB Calvin Day
|
0-0: Called Strike 0-1: Ball 1-1: SINGLE (Line Drive, 6D, EV 97.5 MPH) Ned Scovell to second
|
Batting: LHB Joey Zamora
|
0-0: Fly out, F7 (Flyball, 78S, EV 90.6 MPH)
|
Bottom of the 3rd over - 3 runs, 3 hits, 0 errors, 2 left on base; Boston (APP) 0 - Elizabethton 3 |
TOP OF THE 4TH |
Boston (APP) Red Sox batting - Pitching for Elizabethton Twins : RHP Kanenori Ikeda Jr.
|
Batting: RHB Bob Reichley
|
0-0: Fly out, F9 (Flyball, 89S, EV 83.8 MPH)
|
Batting: RHB Kirk Cully
|
0-0: Ball 1-0: Ball 2-0: Called Strike 2-1: Ball 3-1: Base on Balls
|
Batting: SHB Arihito Hiramoto
|
0-0: Foul Ball, location: 2F 0-1: Foul Ball, location: 2F 0-2: SINGLE (Groundball, 4MD, EV 103.1 MPH) Kirk Cully to second
|
Batting: RHB Chris Zubia
|
0-0: Ball 1-0: Swinging Strike 1-1: Ball 2-1: Foul Ball, location: 2F 2-2: Ball 3-2: Foul Ball, location: 2F 3-2: Strikes out swinging
|
Batting: RHB Mo Tsang
|
0-0: Ball 1-0: Swinging Strike 1-1: Called Strike 1-2: Ball 2-2: Strikes out swinging
|
Top of the 4th over - 0 runs, 1 hit, 0 errors, 2 left on base; Boston (APP) 0 - Elizabethton 3 |
BOTTOM OF THE 4TH |
Elizabethton Twins batting - Pitching for Boston (APP) Red Sox : RHP Matt Collins
|
Batting: RHB Hisao Takei
|
0-0: Foul Ball, location: 2F 0-1: Ball 1-1: Ball 2-1: Called Strike 2-2: Foul Ball, location: 2F 2-2: DOUBLE (Groundball, 5L, EV 94.4 MPH)
|
Batting: RHB Braydon Garland
|
0-0: Called Strike 0-1: Called Strike 0-2: Ball 1-2: Strikes out swinging
|
Batting: RHB Sergio Gomez
|
0-0: Called Strike 0-1: SINGLE (Line Drive, 4D, EV 96.9 MPH) Hisao Takei to third
|
Batting: RHB David McDonald
|
0-0: Ball 1-0: Ball 2-0: Ball Wild Pitch! Hisao Takei scores Sergio Gomez to second 3-0: Base on Balls
|
Batting: RHB Ryan Starks
|
0-0: Called Strike 0-1: Foul Ball, location: 2F 0-2: Strikes out looking
|
Pitching: RHP Du Kong
|
|
Batting: LHB Bill Lorimer
|
0-0: Fielders Choice at 2nd, 6-4 (Groundball, 6, EV 84.4 MPH)
|
Bottom of the 4th over - 1 run, 2 hits, 0 errors, 2 left on base; Boston (APP) 0 - Elizabethton 4 |
TOP OF THE 5TH |
Boston (APP) Red Sox batting - Pitching for Elizabethton Twins : RHP Kanenori Ikeda Jr.
|
Batting: RHB Luis Nino
|
0-0: Swinging Strike 0-1: Ball 1-1: Ball 2-1: Called Strike 2-2: Foul Ball, location: 2F 2-2: Hit by Pitch
|
Batting: LHB Kenny Jackson
|
0-0: Foul Ball, location: 2F 0-1: Called Strike 0-2: Ball 1-2: Strikes out swinging
|
Batting: RHB Panam Palmer
|
0-0: Ball 1-0: Ball 2-0: Ball 3-0: Base on Balls Luis Nino to second
|
Batting: RHB Estevan Carrillo
|
0-0: Foul Ball, location: 2F 0-1: Ball 1-1: DOUBLE (Line Drive, 78XD, EV 101.2 MPH) Luis Nino scores Panam Palmer to third
|
Batting: RHB Bob Reichley
|
0-0: Foul Ball, location: 2F 0-1: Called Strike 0-2: Foul Ball, location: 2F 0-2: Strikes out looking
|
Batting: RHB Kirk Cully
|
0-0: Called Strike 0-1: Foul Ball, location: 2F 0-2: Ground out 5-3 (Groundball, 56S, EV 63.8 MPH)
|
Top of the 5th over - 1 run, 1 hit, 0 errors, 2 left on base; Boston (APP) 1 - Elizabethton 4 |
BOTTOM OF THE 5TH |
Elizabethton Twins batting - Pitching for Boston (APP) Red Sox : RHP Du Kong
|
Batting: RHB Ned Scovell
|
0-0: TRIPLE (Flyball, 89XD, EV 93.1 MPH)
|
Batting: RHB Calvin Day
|
0-0: Ball 1-0: Foul Ball, location: 2F 1-1: Called Strike 1-2: Strikes out swinging
|
Batting: LHB Joey Zamora
|
0-0: Ball 1-0: Swinging Strike 1-1: Foul Ball, location: 2F 1-2: Strikes out swinging
|
Batting: RHB Hisao Takei
|
0-0: Called Strike 0-1: Ball 1-1: Swinging Strike 1-2: Ball 2-2: Ball 3-2: Base on Balls
|
Batting: RHB Braydon Garland
|
0-0: Ground out U3 (Groundball, 3, EV 82.5 MPH)
|
Bottom of the 5th over - 0 runs, 1 hit, 0 errors, 2 left on base; Boston (APP) 1 - Elizabethton 4 |
TOP OF THE 6TH |
Boston (APP) Red Sox batting - Pitching for Elizabethton Twins : RHP Kanenori Ikeda Jr.
|
Batting: SHB Arihito Hiramoto
|
0-0: Ball 1-0: Ball 2-0: Swinging Strike 2-1: Ball 3-1: Swinging Strike 3-2: Strikes out swinging
|
Batting: RHB Chris Zubia
|
0-0: Ball 1-0: Called Strike 1-1: Ball 2-1: Ball 3-1: Foul Ball, location: 2F 3-2: Foul Ball, location: 2F 3-2: Ground out 6-3 (Groundball, 6M, EV 90.0 MPH)
|
Batting: RHB Mo Tsang
|
0-0: DOUBLE (Line Drive, 78M, EV 102.5 MPH)
|
Pitching: LHP Choji Tominaga
|
|
Batting: RHB Luis Nino
|
0-0: Ball 1-0: Fly out, F8 (Flyball, 8LD, EV 91.9 MPH)
|
Top of the 6th over - 0 runs, 1 hit, 0 errors, 1 left on base; Boston (APP) 1 - Elizabethton 4 |
BOTTOM OF THE 6TH |
Elizabethton Twins batting - Pitching for Boston (APP) Red Sox : RHP Du Kong
|
Batting: RHB Sergio Gomez
|
0-0: Ball 1-0: Ball 2-0: Called Strike 2-1: Fly out, F9 (Line Drive, 9, EV 110.6 MPH)
|
Batting: RHB David McDonald
|
0-0: Ball 1-0: Fly out, F5 (Popup, 5, EV 63.8 MPH)
|
Batting: RHB Ryan Starks
|
0-0: Foul Ball, location: 2F 0-1: Ground out 6-3 (Groundball, 6, EV 82.5 MPH)
|
Bottom of the 6th over - 0 runs, 0 hits, 0 errors, 0 left on base; Boston (APP) 1 - Elizabethton 4 |
TOP OF THE 7TH |
Boston (APP) Red Sox batting - Pitching for Elizabethton Twins : LHP Choji Tominaga
|
Pinch Hitting: RHB Eric Kent
|
0-0: Swinging Strike 0-1: Ball 1-1: Foul Ball, location: 2F 1-2: Strikes out swinging
|
Batting: RHB Panam Palmer
|
0-0: Ball 1-0: Ball 2-0: Ball 3-0: Called Strike 3-1: Foul Ball, location: 2F 3-2: Foul Ball, location: 2F 3-2: Foul Ball, location: 2F 3-2: DOUBLE (Line Drive, 5D, EV 95.0 MPH)
|
Batting: RHB Estevan Carrillo
|
0-0: Ball Passed Ball! Panam Palmer to third 1-0: Swinging Strike 1-1: Hit by Pitch
|
Batting: RHB Bob Reichley
|
0-0: Ball Wild Pitch! Panam Palmer scores Estevan Carrillo to second 1-0: Ground out 4-3 (Groundball, 4M, EV 83.1 MPH) Estevan Carrillo to third
|
Batting: RHB Kirk Cully
|
0-0: Ball 1-0: Ball 2-0: Called Strike 2-1: Ball 3-1: Base on Balls
|
Batting: RHB Felix Rangel
|
0-0: Ball Kirk Cully is caught stealing 2nd base 2-4
|
Top of the 7th over - 1 run, 1 hit, 0 errors, 1 left on base; Boston (APP) 2 - Elizabethton 4 |
BOTTOM OF THE 7TH |
Elizabethton Twins batting - Pitching for Boston (APP) Red Sox : RHP Du Kong
|
Now at 2B: Eric Kent
|
|
Now at SS: Luis Nino
|
|
Batting: LHB Bill Lorimer
|
0-0: Foul Ball, location: 2F 0-1: Ball 1-1: Ground out 4-3 (Groundball, 4M, EV 111.2 MPH)
|
Batting: RHB Ned Scovell
|
0-0: Ball 1-0: Ball 2-0: Ball 3-0: Foul Ball, location: 2F 3-1: Fly out, F9 (Flyball, 9D, EV 100.6 MPH)
|
Pitching: RHP Wayne Whimster
|
|
Batting: RHB Calvin Day
|
0-0: Ball 1-0: Called Strike 1-1: Foul Ball, location: 2F 1-2: Strikes out swinging
|
Bottom of the 7th over - 0 runs, 0 hits, 0 errors, 0 left on base; Boston (APP) 2 - Elizabethton 4 |
TOP OF THE 8TH |
Boston (APP) Red Sox batting - Pitching for Elizabethton Twins : LHP Choji Tominaga
|
Now at 3B: Antonio Santos
|
|
Batting: RHB Felix Rangel
|
0-0: Ball 1-0: SINGLE (Groundball, 34D, EV 95.6 MPH)
|
Batting: RHB Chris Zubia
|
0-0: Ball 1-0: Ball 2-0: Foul Ball, location: 2F 2-1: Ball 3-1: Base on Balls Felix Rangel to second
|
Batting: RHB Mo Tsang
|
0-0: Ball 1-0: Swinging Strike 1-1: Bunt missed! 1-2: Ball 2-2: Foul Ball, location: 2F 2-2: Fielders Choice at 2nd, 5-4 (Groundball, 56, EV 83.1 MPH) Felix Rangel to third
|
Pinch Hitting: RHB Eric McClelland
|
0-0: Called Strike 0-1: Foul Ball, location: 2F 0-2: SINGLE (Line Drive, 6MD, EV 96.2 MPH) Felix Rangel scores Mo Tsang to second
|
Batting: RHB Eric Kent
|
0-0: Swinging Strike 0-1: Fielders Choice at 2nd, 4-6 (Groundball, 4, EV 100.0 MPH) Mo Tsang to third
|
Batting: RHB Panam Palmer
|
0-0: Ball 1-0: Swinging Strike 1-1: Foul Ball, location: 2F 1-2: Ball 2-2: Foul Ball, location: 2F 2-2: Foul Ball, location: 2F 2-2: Strikes out swinging
|
Top of the 8th over - 1 run, 2 hits, 0 errors, 2 left on base; Boston (APP) 3 - Elizabethton 4 |
BOTTOM OF THE 8TH |
Elizabethton Twins batting - Pitching for Boston (APP) Red Sox : RHP Wayne Whimster
|
Now at SS: Jose Santiago
|
|
Batting: LHB Joey Zamora
|
0-0: Ball 1-0: Foul Ball, location: 2F 1-1: Ball 2-1: Called Strike 2-2: Strikes out swinging
|
Batting: RHB Hisao Takei
|
0-0: Ball 1-0: Ground out 3-1 (Groundball, 34, EV 101.2 MPH)
|
Batting: RHB Braydon Garland
|
0-0: Called Strike 0-1: Foul Ball, location: 2F 0-2: Foul Ball, location: 2F 0-2: Ball 1-2: Strikes out swinging
|
Bottom of the 8th over - 0 runs, 0 hits, 0 errors, 0 left on base; Boston (APP) 3 - Elizabethton 4 |
TOP OF THE 9TH |
Boston (APP) Red Sox batting - Pitching for Elizabethton Twins : LHP Choji Tominaga
|
Pitching: LHP Bryce Alexander
|
|
Batting: RHB Estevan Carrillo
|
0-0: Called Strike 0-1: Swinging Strike 0-2: Strikes out swinging
|
Batting: RHB Bob Reichley
|
0-0: Foul Ball, location: 2F 0-1: Ball 1-1: Ball 2-1: Foul Ball, location: 2F 2-2: Strikes out looking
|
Batting: RHB Kirk Cully
|
0-0: Called Strike 0-1: Called Strike 0-2: Ball 1-2: Ball 2-2: Strikes out swinging
|
Top of the 9th over - 0 runs, 0 hits, 0 errors, 0 left on base; Boston (APP) 3 - Elizabethton 4 |
|